 Dungeon Crawl Stone Soup version 0.27.1 (webtiles) character file.

Game seed: 12553926485574612058

5183 MajorAdolf the Blocker (level 10, -1/78 HPs)
             Began as a Naga Wanderer on Aug 23, 2021.
             Was a Follower of Dithmenos.
             Slain by a large slime creature (18 damage)
             ... on level 9 of the Dungeon.
             The game lasted 00:22:42 (15563 turns).

MajorAdolf the Blocker (Naga Wanderer)             Turns: 15563, Time: 00:22:43

Health: -1/78      AC: 13    Str: 21    XL:     10   Next: 60%
Magic:  11/11      EV:  8    Int: 16    God:    Dithmenos [*.....]
Gold:   365        SH: 18    Dex: 10    Spells: 11/11 levels left

rFire    + . .     SeeInvis +   V - +4 scimitar (flame)
rCold    + . .     Faith    .   y - +0 tower shield
rNeg     . . .     Spirit   .   U - +1 robe {rF+}
rPois    +         Reflect  .   R - +2 hat
rElec    .         Harm     .   K - +2 cloak
rCorr    .         Rampage  .   E - +2 pair of gloves
Will     +....                  (no barding)
Stlth    ++........             (no amulet)
HPRegen  0.23/turn              T - ring of protection from cold
MPRegen  0.12/turn              N - +6 ring of strength

@: mighty, wreathed by umbra, very slow
A: AC +3, large, see invisible, deformed body, poison resistance, slowness 2,
spit poison 1, naga tail 1
a: Spit Poison, Renounce Religion


You were on level 9 of the Dungeon.
You worshipped Dithmenos.
Dithmenos was aware of your devotion.
You visited 2 branches of the dungeon, and saw 10 of its levels.

You collected 365 gold pieces.

Inventory:

Hand Weapons
 a - a +2 dagger
 c - a +0 falchion
 F - a +1 trident of freezing
 M - a +1 dagger of venom
 S - a +3 great sword
 V - a +4 scimitar of flaming (weapon)
Missiles
 J - 2 throwing nets
Armour
 m - a +3 leather armour
 y - a +0 tower shield (worn)
 E - a +2 pair of gloves (worn)
 K - a +2 cloak (worn)
 R - a +2 hat (worn)
 U - a +1 robe of fire resistance (worn)
Magical Staves
 s - a staff of earth
 u - a staff of conjuration
 H - a staff of cold
Jewellery
 i - a ring of wizardry
 N - a +6 ring of strength (right hand)
 T - a ring of protection from cold (left hand)
 W - a ring of resist corrosion
Wands
 l - a wand of paralysis (2)
 q - a wand of flame (11)
 z - a wand of iceblast (4)
 B - a wand of polymorph (4)
 L - a wand of mindburst (7)
Scrolls
 b - 3 scrolls of fear
 f - 2 scrolls of noise {unknown}
 g - 8 scrolls of identify {unknown}
 p - a scroll of enchant armour {unknown}
 v - 7 scrolls of teleportation {unknown}
 w - 2 scrolls of holy word {unknown}
 A - 2 scrolls of blinking {unknown}
 C - 3 scrolls of vulnerability {unknown}
 D - 2 scrolls of fog {unknown}
 G - a scroll of silence {unknown}
 I - a scroll of acquirement {unknown}
 P - a scroll of immolation {unknown}
 Q - a scroll of amnesia {unknown}
Potions
 d - 3 potions of curing
 e - 2 potions of magic {unknown}
 j - a potion of mutation {unknown}
 k - a potion of degeneration {unknown}
 n - 2 potions of heal wounds {unknown}
 o - a potion of haste {unknown}
 r - a potion of flight {unknown}
 t - 2 potions of invisibility {unknown}
 x - 3 potions of cancellation {unknown}
 O - a potion of attraction {unknown}


   Skills:
 - Level 1.0 Fighting
 - Level 5.4(5.5) Short Blades
 - Level 1.0(3.5) Long Blades
 - Level 1.0 Dodging
 - Level 3.0 Stealth
 + Level 11.2 Shields
 - Level 1.0 Spellcasting
 - Level 2.0 Conjurations
 - Level 2.0 Summonings
 - Level 4.5 Evocations


You had 11 spell levels left.
You didn't know any spells.
Your spell library contained the following spells:

 Spells                   Type           Power      Damage    Failure   Level
 Sandblast                Erth           0%         2d4       45%         1


Dungeon Overview and Level Annotations

Branches:
Dungeon (9/15)             Temple (1/1) D:4
   Lair: D:8-11         Orc: D:9-12

Altars:
Ashenzari
Cheibriados
Dithmenos
Elyvilon
Fedhas
Gozag
Hepliaklqana
Kikubaaqudgha
Makhleb
Nemelex Xobeh
Okawaru
Qazlal
Ru
Sif Muna
Trog
Uskayaw
Vehumet
Wu Jian
Xom
Yredelemnul
Zin
The Shining One

Shops:
D:2 [

Annotations:
D:4 exclusion: sky beast


Innate Abilities, Weirdness & Mutations

Your serpentine skin is tough. (AC +3)
You have supernaturally acute eyesight. (SInv)
Armour fits poorly on your strangely shaped body.
Your system is resistant to poisons. (rPois)
You cover ground very slowly.
You can spit poison.
You have a snake-like lower body.


Message History

Aim: a large slime creature (umbra, not susceptible)
Okay, then.
Okay, then.
Okay, then.
Okay, then.
You feel very mighty all of a sudden.
You block the large slime creature's attack.
Unknown command.
You barely miss the large slime creature.
You block the large slime creature's attack.
You hit the large slime creature. You burn the large slime creature.
The large slime creature is lightly wounded.
The large slime creature hits you.
You block the large slime creature's attack.
Unknown command.
You barely miss the large slime creature.
The large slime creature is lightly wounded.
You block the large slime creature's attack.
You slash the large slime creature! You burn the large slime creature.
The large slime creature is lightly wounded.
You block the large slime creature's attack.
You hit the large slime creature. You burn the large slime creature.
The large slime creature is lightly wounded.
You block the large slime creature's attack. x2
You barely miss the large slime creature.
The large slime creature is lightly wounded.
The large slime creature hits you.
Unknown command.
You slash the large slime creature! You burn the large slime creature.
The large slime creature is moderately wounded.
The large slime creature hits you but does no damage. x2
You slash the large slime creature! You burn the large slime creature!
The large slime creature is heavily wounded.
The large slime creature hits you!!
* * * LOW HITPOINT WARNING * * *
Unknown command.
You slash the large slime creature! You burn the large slime creature.
The large slime creature is severely wounded.
The large slime creature hits you!!
You die...

# #.. ..### #J#
......#J#+###
......#.....####
.>..........#..#
....!.......#..#.###
.....######.........
... #<..#J#####.#.
##########...#.J@....#
.......#...#...#######
.....#.#.#.#.#.......#
.........###.#######.#
.............#
.≈....########
.........# .......#.#
.....###.#


You could see a large slime creature and a slime creature.

Vanquished Creatures
  Erica (D:8)
  Joseph (D:7)
  Psyche (D:8)
  A troll (D:9)
  Prince Ribbit (D:7)
  A slime creature (D:9)
  Sigmund (D:2)
  A wyvern (D:5)
  3 steam dragons
  3 water moccasins
  3 orc warriors
  2 black bears
  3 ogres
  A centaur (D:7)
  A bullfrog (D:6)
  A wyvern zombie (D:5)
  2 water moccasin zombies
  3 wights (D:8)
  4 howler monkeys
  A bullfrog zombie (D:7)
  A centaur zombie (D:9)
  2 gnoll shamans
  3 orc priests
  A centaur skeleton (D:5)
  8 hounds
  A bullfrog skeleton (D:7)
  2 iguanas
  Ijyb (D:5)
  4 orc wizards
  A killer bee zombie (D:8)
  A hound skeleton (D:4)
  A howler monkey zombie (D:7)
  7 adders
  12 gnolls
  A shadow imp (D:8)
  2 white imps
  An ufetubus (D:5)
  2 worms
  17 orcs
  7 bats
  4 endoplasms
  4 giant cockroaches
  5 goblins
  5 hobgoblins
  8 jackals
  7 kobolds
  A quokka (D:1)
  5 ball pythons
  A frilled lizard (D:1)
  3 rats
153 creatures vanquished.

Vanquished Creatures (others)
  A fungus (D:2)
  3 plants
4 creatures vanquished.

Grand Total: 157 creatures vanquished

Notes
Turn   | Place    | Note
-------+----------+-------------------------------------------
     0 | D:1      | MajorAdolf the Naga Wanderer began the quest for the Orb.
     0 | D:1      | MajorAdolf set off with the following items: a +2 dagger, a
                  | scroll of fear, a +0 falchion, a potion of curing, a +0
                  | robe
     0 | D:1      | Reached XP level 1. HP: 18/18 MP: 2/2
    69 | D:1      | Reached skill level 1 in Short Blades
   217 | D:1      | Reached XP level 2. HP: 25/25 MP: 3/3
   909 | D:1      | Reached XP level 3. HP: 31/31 MP: 4/4
  1739 | D:2      | Noticed Sigmund
  2220 | D:4      | Reached skill level 1 in Evocations
  2770 | D:3      | Reached XP level 4. HP: 38/38 MP: 5/5
  4581 | D:2      | Killed Sigmund
  4582 | D:2      | Reached XP level 5. HP: 39/44 MP: 6/6
  4582 | D:2      | Reached XP level 6. HP: 45/51 MP: 7/7
  4617 | D:2      | Found a faded altar of an unknown god.
  4629 | D:2      | Got Plato's Collected Works on Clay
  4685 | D:2      | Found Teugrier's Armour Boutique.
  5431 | D:4      | Found an ornate altar of the Wu Jian Council.
  5777 | D:4      | Found a glowing silver altar of Zin.
  5799 | D:4      | Found a staircase to the Ecumenical Temple.
  5991 | D:4      | Found a basalt altar of Yredelemnul.
  6058 | D:4      | Reached skill level 5 in Short Blades
  6284 | D:4      | Noticed a sky beast
  6459 | D:5      | Entered Level 5 of the Dungeon
  6484 | Temple   | Entered the Ecumenical Temple
  6676 | Temple   | Became a worshipper of Dithmenos the Shadowed
  7070 | D:5      | Noticed a black bear
  7117 | D:5      | Reached XP level 7. HP: 15/57 MP: 8/8
  7959 | D:5      | Reached skill level 1 in Shields
  8227 | D:5      | Reached skill level 2 in Shields
  8352 | D:5      | Noticed a wyvern
  8363 | D:5      | Killed a wyvern
  8364 | D:5      | Reached skill level 3 in Shields
  8397 | D:6      | Reached XP level 8. HP: 24/64 MP: 9/9
  8739 | D:6      | Reached skill level 4 in Shields
  9573 | D:7      | Reached skill level 5 in Shields
 11710 | D:5      | Noticed Ijyb
 11718 | D:5      | Killed Ijyb
 11719 | D:5      | Reached skill level 6 in Shields
 12071 | D:7      | Noticed Prince Ribbit
 12087 | D:7      | Killed Prince Ribbit
 12088 | D:7      | Reached skill level 7 in Shields
 12088 | D:7      | Reached XP level 9. HP: 67/70 MP: 10/10
 12171 | D:7      | Noticed Joseph
 12196 | D:7      | Killed Joseph
 12332 | D:7      | Found a glowing golden altar of the Shining One.
 12394 | D:7      | Reached skill level 8 in Shields
 13136 | D:7      | Reached skill level 9 in Shields
 13727 | D:8      | Reached XP level 10. HP: 65/78 MP: 11/11
 13847 | D:8      | Reached * piety under Dithmenos
 14154 | D:8      | Noticed Psyche
 14162 | D:8      | Killed Psyche
 14163 | D:8      | Reached skill level 10 in Shields
 14487 | D:8      | Found a bloodstained altar of Trog.
 14488 | D:8      | Found an iron altar of Okawaru.
 14812 | D:8      | Noticed Erica
 14837 | D:8      | Killed Erica
 15087 | D:8      | Found Hidoziah's Antique Weapon Boutique.
 15535 | D:9      | Reached skill level 11 in Shields
 15563 | D:9      | Slain by a large slime creature

Illustrated notes

Levels and vault maps discovered:
D:1:      saegor_arrival_simple_e, layout_basic
D:2:      layout_loops_corners, shapermc_ecumenical_altar_rom_forum,
          serial_shops, nicolae_shop_trees, uniq_sigmund
D:3:      layout_basic, kennysheep_generic_room_2
D:4:      layout_basic, old_standard_altar, mainiacjoe_overflow_swirl,
          minmay_temple_entry_overgrown
D:5:      layout_basic, minmay_misc_feat_hallway, minmay_holes, uniq_ijyb
D:6:      layout_rooms
D:7:      minmay_inner_zag, layout_cave_pools, lemuel_round_altar,
          uniq_prince_ribbit1, uniq_joseph
D:8:      layout_basic, grunt_temple_overflow_bloody_war, serial_shops,
          shop_fountains, uniq_psyche, uniq_erica
D:9:      layout_basic, serial_shops, shop, nicolae_shop_trees,
          nicolae_shop_stone, shop, uniq_grum
Temple:   eino_temple_scatter_basement

Skill      XL: |  1  2  3  4  5  6  7  8  9 10 |
---------------+-------------------------------+-----
Short Blades   | 1 2 3 4 5 |  5.4
Evocations     | 1 3 4 |  4.5
Shields        | 3 7 9 11 | 11.2
Fighting       | |  1.0
Long Blades    | |  1.0
Dodging        | |  1.0
Stealth        | |  3.0
Spellcasting   | |  1.0
Conjurations   | |  2.0
Summonings     | |  2.0

Action                   |  1- 3 |  4- 6 |  7- 9 | 10-12 || total
-------------------------+-------+-------+-------+-------++-------
Melee: Dagger            |    71 |   168 |   410 |    67 ||   716
       Trident           |       |       |    36 |     4 ||    40
       Scimitar          |       |       |       |    27 ||    27
 Abil: Spit Poison       |    34 |    28 |    38 |     2 ||   102
Evoke: Wand              |       |     7 |    10 |    18 ||    35
  Use: Potion            |       |       |       |     1 ||     1
 Stab: Paralysed         |       |     8 |     7 |       ||    15
       Sleeping          |       |     3 |     4 |       ||     7
       Distracted        |       |       |     1 |       ||     1
Armor: Robe              |     6 |       |       |    11 ||    17
       Leather armour    |    17 |    47 |   134 |    18 ||   216
Dodge: Dodged            |    42 |    56 |   106 |    19 ||   223
Block: Tower shield      |       |       |   352 |    87 ||   439
       Rpst.: Scimitar   |       |       |       |     1 ||     1
